 Dungeon Crawl Stone Soup version 0.29-a0-330-g52719c12eb (webtiles) character file.

Game seed: 1243642939773046149

616 HoaS the Quickloader (level 7, -8/43 HPs)
             Began as a Kobold Hunter on May 18, 2022.
             Was a Follower of Makhleb.
             Mangled by a hornet (13 damage)
             ... on level 5 of the Dungeon.
             The game lasted 00:09:29 (4145 turns).

HoaS the Quickloader (Kobold Hunter)                Turns: 4145, Time: 00:09:29

Health: -8/43      AC:  8    Str:  8    XL:     7   Next: 73%
Magic:  7/7        EV: 14    Int: 10    God:    Makhleb [*.....]
Gold:   161        SH:  0    Dex: 27    Spells: 6/6 levels left

rFire   . . .      SeeInvis .   a - +2 hand crossbow
rCold   . . .      Faith    .   (no shield)
rNeg    . . .      Spirit   .   o - +0 ring mail
rPois   .          Reflect  .   j - +0 helmet
rElec   .          Harm     .   b - +0 cloak
rCorr   .          Rampage  .   n - +0 pair of gloves
Will    +....                   (no boots)
Stlth   +++.......              (no amulet)
HPRegen 0.14/turn               s - +6 ring of dexterity
MPRegen 0.10/turn               m - ring of willpower

@: slowed, very slow
A: small, no large weapons, nightstalker 3
a: Renounce Religion


You were on level 5 of the Dungeon.
You worshipped Makhleb.
Makhleb was aware of your devotion.
You visited 1 branch of the dungeon, and saw 5 of its levels.

You collected 161 gold pieces.

Inventory:

Hand Weapons
 a - a +2 hand crossbow (weapon)
Armour
 b - a +0 cloak (worn)
 j - a +0 helmet (worn)
 n - a +0 pair of gloves (worn)
 o - a +0 ring mail (worn)
Jewellery
 h - a ring of see invisible
 m - a ring of willpower (right hand)
 s - a +6 ring of dexterity (left hand)
Wands
 q - a wand of acid (5)
Scrolls
 c - 3 scrolls of immolation
 k - 2 scrolls of teleportation
 l - a scroll of fear
 p - 3 scrolls of summoning
 r - a scroll of blinking
Potions
 d - a potion of lignification
 e - 3 potions of curing
 f - a potion of heal wounds {unknown}
 g - a potion of flight {unknown}
 i - 3 potions of mutation


   Skills:
 * Level 4.0 Fighting
 - Level 10.0 Crossbows
 + Level 1.4 Armour
 + Level 3.5 Dodging
 - Level 1.3 Stealth


You had 6 spell levels left.
You didn't know any spells.
Your spell library contained the following spells:

 Spells                   Type           Power      Damage    Failure   Level
 Animate Skeleton         Necr           0%         N/A       75%         1
 Pain                     Necr           0%         1d4       75%         1
 Summon Small Mammal      Summ           0%         N/A       75%         1
 Corpse Rot               Necr/Air       0%         N/A       86%         2
 Poisonous Vapours        Pois/Air       0%         N/A       86%         2
 Call Canine Familiar     Summ           0%         N/A       98%         3
 Summon Guardian Golem    Hex/Summ       0%         N/A       98%         3
 Vampiric Draining        Necr           0%         2d6       98%         3


Dungeon Overview and Level Annotations

Branches:
Dungeon (5/15)
 Temple: D:4-7

Altars:
Makhleb
Sif Muna


Innate Abilities, Weirdness & Mutations

You are small and have problems with some larger weapons.
You are completely attuned to the shadows.


Message History

The bolt hits the hornet but does no damage.
The hornet is moderately wounded.
The hornet stings you.
You feel as though you will be slow longer.
The hornet closely misses you. x2
Shoot: a) +2 hand crossbow
Press: ? - help, Q - select action, (/) - cycle Shift-Dir - straight line, f/p - hornet
Aim: a hornet (moderately wounded, 64% to hit)
You shoot a bolt. The bolt hits the hornet.
The hornet is moderately wounded.
The hornet stings you!
* * * LOW HITPOINT WARNING * * *
You feel as though you will be slow longer.
The hornet stings you but does no damage.
The hornet barely misses you.
You feel better. The hornet stings you.
You are poisoned.
You feel as though you will be slow longer.
The hornet closely misses you.
Shoot: a) +2 hand crossbow
Press: ? - help, Q - select action, (/) - cycle Shift-Dir - straight line, f/p - hornet
Aim: a hornet (moderately wounded, 64% to hit)
You shoot a bolt. The bolt hits the hornet.
The hornet is moderately wounded.
You feel very sick. The hornet misses you.
The hornet stings you but does no damage.
You feel better. The hornet closely misses you.
The hornet stings you but does no damage.
The hornet stings you.
You feel as though you will be slow longer.
Shoot: a) +2 hand crossbow
Press: ? - help, Q - select action, (/) - cycle Shift-Dir - straight line, f/p - hornet
Aim: a hornet (moderately wounded, 64% to hit)
You shoot a bolt. The bolt completely misses the hornet.
The hornet stings you!
* * * LOW HITPOINT WARNING * * *
You feel as though you will be slow longer.
The hornet stings you!
You die...

##.....†....#
#)..........
##..........
#.........
##...... #
##..... #.
#......
...##..)..
....@.....
...y....##
......#...
......#..)
.....##


You could see a hornet.

Vanquished Creatures
  A sky beast (D:5)
  2 scorpions
  2 hounds
  3 jellies
  An orc priest (D:4)
  Jessica (D:2)
  2 iguanas (D:4)
  5 adders
  2 ufetubi
  A worm (D:2)
  3 dart slugs
  6 orcs
  7 ball pythons
  11 endoplasms
  4 giant cockroaches
  6 goblins
  4 hobgoblins
  4 jackals
  6 kobolds
  3 quokkas
  5 bats
  4 frilled lizards
  5 rats
88 creatures vanquished.

Vanquished Creatures (others)
  6 plants (D:2)
6 creatures vanquished.

Grand Total: 94 creatures vanquished

Notes
Turn   | Place    | Note
-------+----------+-------------------------------------------
     0 | D:1      | HoaS the Kobold Hunter began the quest for the Orb.
     0 | D:1      | Reached XP level 1. HP: 12/12 MP: 1/1
   389 | D:1      | Reached XP level 2. HP: 17/17 MP: 2/2
   417 | D:1      | Reached skill level 6 in Crossbows
  1071 | D:2      | Reached XP level 3. HP: 21/21 MP: 3/3
  1254 | D:2      | Reached skill level 7 in Crossbows
  1278 | D:2      | Reached XP level 4. HP: 22/26 MP: 4/4
  1385 | D:2      | Noticed Jessica
  1388 | D:2      | Killed Jessica
  2130 | D:3      | Reached skill level 8 in Crossbows
  2130 | D:3      | Reached XP level 5. HP: 30/30 MP: 5/5
  2709 | D:3      | Found a burning altar of Makhleb.
  2741 | D:3      | Found a shimmering blue altar of Sif Muna.
  2762 | D:3      | Became a worshipper of Makhleb the Destroyer
  2905 | D:4      | Reached skill level 9 in Crossbows
  2905 | D:4      | Reached XP level 6. HP: 35/35 MP: 6/6
  3267 | D:4      | HP: 1/35 [poisoned by a scorpion]
  3605 | D:4      | Reached skill level 10 in Crossbows
  3714 | D:4      | Reached XP level 7. HP: 40/40 MP: 7/7
  3800 | D:4      | Reached * piety under Makhleb
  3915 | D:5      | Entered Level 5 of the Dungeon
  3981 | D:5      | Reached skill level 1 in Armour
  4132 | D:5      | Noticed a hornet
  4145 | D:5      | Mangled by a hornet

Illustrated notes

Levels and vault maps discovered:
D:1:      nicolae_arrival_memento_mori, layout_basic, minmay_vboxes
D:2:      cheibrodos_old_hovel, layout_basic, minivault_4, uniq_jessica
D:3:      layout_basic, mainiacjoe_overflow_catwalk_spiral, serial_forest,
          infiniplex_forest_lined_corner, infiniplex_forest_clump_small,
          infiniplex_forest_end_3, infiniplex_forest_end_1,
          infiniplex_forest_lined_3, infiniplex_forest_clump_medium,
          minmay_misc_feat_cross, minmay_misc_feat_square, st_stairs_5
D:4:      layout_layer_cave
D:5:      minmay_goblin_kobold_castle, layout_cave_pools,
          minmay_temple_entry_tees

Skill      XL: |  1  2  3  4  5  6  7 |
---------------+----------------------+-----
Crossbows      | 6 7 8 9 10 | 10.0
Fighting       | 4 |  4.0
Armour         | 1 |  1.4
Dodging        | 3 |  3.5
Stealth        | |  1.3

Action                   |  1- 3 |  4- 6 |  7- 9 || total
-------------------------+-------+-------+-------++-------
 Fire: Hand crossbow     |    57 |   151 |    47 ||   255
  Use: Scroll            |     7 |     4 |       ||    11
       Potion            |       |     2 |     2 ||     4
Armor: Leather armour    |     4 |     7 |       ||    11
       Ring mail         |       |    12 |    14 ||    26
Dodge: Dodged            |    14 |    48 |    28 ||    90

Table legend: (Time is in decaauts)
 A = Elapsed time spent in this place.
 B = Non-inter-level travel time spent in this place.
 C = Inter-level travel time spent in this place.
 D = Time resting spent in this place.
 E = Time spent auto-exploring this place.
 F = Levels seen in this place.
 G = Mean time per level.
                   A        B        C        D        E       F      G
               +--------+--------+--------+--------+--------+-----+--------+
         Total |   4198 |   4062 |    136 |    690 |   2749 |   5 |  839.6 |
       Dungeon |   4198 |   4062 |    136 |    690 |   2749 |   5 |  839.6 |
               +--------+--------+--------+--------+--------+-----+--------+

Top non-repeatable levels by time:
     D:2: 1057 daAuts
     D:1: 1041 daAuts
     D:4: 1033 daAuts
     D:3: 825 daAuts
     D:5: 240 daAuts
